 Dungeon Crawl Stone Soup version 0.28-a0-533-g9f97627e2a (webtiles) character file.

Game seed: 4562128981111831323

5530 miscthings the Thaumaturge (level 11, -4/69 HPs)
             Began as a Djinni Conjurer on Sept 26, 2021.
             Was a Believer of Makhleb.
             Killed by the air
             ... invoked by Gastronok
              (22 damage)
             ... on level 8 of the Dungeon.
             The game lasted 00:13:56 (8006 turns).

miscthings the Thaumaturge (Djinni Conjurer)        Turns: 8006, Time: 00:13:56

Health: -4/69      AC: 10    Str:  6    XL:     11   Next: 1%
Gold:   461        EV:  9    Int: 22    God:    Makhleb [**....] SH: 15 Dex: 13

rFire   + + .      SeeInvis .   (no weapon)
rCold   . . .      Faith    .   j - +2 kite shield
rNeg    . . .      Spirit   .   E - +0 leather armour of Fallacy {rC+ Will++ Stlth+}
rPois   ∞          Reflect  +   i - +0 helmet
rElec   .          Harm     .   (no cloak)
rCorr   +          Rampage  .   f - +1 pair of gloves
Will    +++..                   (boots unavailable)
Stlth   +++.......              a - amulet of reflection
HPRegen 0.21/turn               m - +4 ring of protection
MPRegen 0.00/turn               h - ring of resist corrosion

@: flying
A: sickness immunity, fire resistance 2, cold vulnerability 1, float, innate
caster, hp casting, extra vitality 1
a: Renounce Religion, Minor Destruction


You were on level 8 of the Dungeon.
You worshipped Makhleb.
Makhleb was pleased with you.
You visited 2 branches of the dungeon, and saw 9 of its levels.

You collected 461 gold pieces.

Inventory:

Missiles
 C - a throwing net
Armour
 f - a +1 pair of gloves (worn)
 i - a +0 helmet (worn)
 j - a +2 kite shield (worn)
 E - the +0 leather armour of Fallacy (worn) {rC+ Will++ Stlth+}
   (You took it off an orc wizard on level 7 of the Dungeon)

   rC:        It protects you from cold.
   Will:      It greatly increases your willpower.
   Stlth:     It makes you more stealthy.
Jewellery
 a - an amulet of reflection (around neck)
 g - a ring of ice
 h - a ring of resist corrosion (right hand)
 m - a +4 ring of protection (left hand)
Wands
 r - a wand of flame (39)
 y - a wand of polymorph (8)
Scrolls
 b - 3 scrolls of magic mapping
 d - a scroll of teleportation
 k - a scroll of amnesia {unknown}
 o - a scroll of immolation {unknown}
 p - a scroll of brand weapon {unknown}
 q - a scroll of silence {unknown}
 u - a scroll of enchant weapon {unknown}
 w - a scroll of fear {unknown}
 x - a scroll of identify {unknown}
 A - a scroll of noise {unknown}
 B - a scroll of enchant armour
 D - a scroll of vulnerability {unknown}
Potions
 c - a potion of resistance {unknown}
 e - 3 potions of attraction {unknown}
 l - 3 potions of curing {unknown}
 n - 3 potions of invisibility {unknown}
 s - a potion of flight {unknown}
 t - 2 potions of degeneration {unknown}
 v - a potion of berserk rage {unknown}
 z - 2 potions of heal wounds {unknown}


   Skills:
 + Level 2.3 Fighting
 + Level 2.4 Armour
 + Level 3.5 Dodging
 - Level 1.5 Stealth
 + Level 2.3 Shields
 + Level 11.6 Spellcasting
 + Level 2.2 Evocations


You had 6 spell levels left.
You knew the following spells:

 Your Spells              Type           Power      Damage    Failure   Level
a - Searing Ray           Conj           100%       2d8       1%          2
b - Magic Dart            Conj           100%       1d8       1%          1
c - Dazzling Flash        Conj/Hex       100%       N/A       1%          3
d - Fulminant Prism       Conj/Hex       29%        3d14      3%          4
e - Iskenderun's Mystic   Conj/Tloc      59%        2d12      3%          4
f - Shock                 Conj/Air       100%       1d9       1%          1
g - Blink                 Tloc           N/A        N/A       1%          2
h - Slow                  Hex            59%        N/A       1%          2
i - Ignite Poison         Fire/Tmut/Pois 59%        N/A       1%          3
z - Iskenderun's Battles  Conj           59%        2d11      9%          5
Your spell library was empty.

Dungeon Overview and Level Annotations

Branches:
Dungeon (8/15)             Temple (1/1) D:5
   Lair: D:8-11

Altars:
Dithmenos
Gozag
Kikubaaqudgha
Makhleb
Nemelex Xobeh
Okawaru
Ru
Trog
Vehumet
Xom
Yredelemnul

Shops:
D:3 =

Annotations:
D:8 Gastronok


Innate Abilities, Weirdness & Mutations

You are immune to sickness and miasma.
You are immune to poison.
Your flesh is very heat resistant. (rF++)
You are vulnerable to cold. (rC-)
You float through the air rather than walking.
You learn spells naturally, not from books.
Your magical power is your life essence.
You have superior vitality. (+4 HP)


Message History

Press: ? - help, Shift-Dir - straight line, f - Gastronok
Aim: Gastronok, wearing a +2 hat of willpower (lightly wounded, covering ground quickly, 100% to hit)
The searing ray hits Gastronok.
Gastronok is moderately wounded. (Press . to maintain the ray.)
Your battlesphere fires!
The barrage of energy hits Gastronok!
Gastronok is moderately wounded.
The searing ray hits Gastronok.
Gastronok is moderately wounded.
Your battlesphere fires!
The barrage of energy hits Gastronok!
Gastronok is moderately wounded.
The searing ray hits Gastronok!
Gastronok is moderately wounded.
Your battlesphere fires!
The barrage of energy hits Gastronok!
Gastronok is heavily wounded.
The searing ray hits Gastronok!
Gastronok is heavily wounded.
You finish channelling your searing ray.
Your battlesphere fires!
The barrage of energy hits Gastronok!
Gastronok is heavily wounded.
Your battlesphere expends the last of its energy and dissipates.
You block Gastronok's attack.
Casting: Searing Ray (safe; 1% risk of failure)
Confirm with . or Enter, or press ? or * to list all spells.
You erupt in a blast of force!
The mystic blast hits Gastronok!
Gastronok is severely wounded.
Casting: Iskenderun's Mystic Blast (dangerous; 3% risk of failure)
Confirm with . or Enter, or press ? or * to list all spells.
You erupt in a blast of force!
The mystic blast hits Gastronok!
Gastronok is severely wounded.
Gastronok bites you!!
* * * LOW HITPOINT WARNING * * *
Okay, then.
Gastronok waves his eye-stalks in wide circles.
The air twists around and strikes you!!
You die...

##### #....# ######......#.
....# #....# #...........#.
....# ####.# #...........#.
....#
##.#########...........##
....#
#:.......................
....#
#..#########...>......#.#
#'#######..#
##########.....#)#
........#..# #....#
#.....#.# ..#####.#..# #@#
#####)....#.. ..#
#.#..#####.##.#..)).######.
..#####.#......°....#.###)#
#.
#.#.....#.(#.###w####.###.#
##. #.#.#####..#.# #.#
#......#####..
#.#........#.# #.#
#.......)..'..
..#........#.###.#
#.....######..
###.....####.#...#
##.........+.. #.....#
#.#.### ###########..


You could see Gastronok (swift).

Vanquished Creatures
  A two-headed ogre (D:8)
  A gargoyle (D:7)
  Grinder (D:4)
  Prince Ribbit (D:7)
  A troll (D:7)
  A yak (D:7)
  Eustachio (D:5)
  A steam dragon (D:6)
  Menkaure (D:5)
  An acid dragon (D:7)
  Duvessa (D:5)
  3 ice beasts
  3 orc warriors
  A black bear (D:5)
  5 ogres
  A phantom (D:5)
  2 centaurs (D:8)
  A kobold brigand (D:8)
  Blork the orc (D:5)
  A bullfrog (D:6)
  A scorpion (D:4)
  A wyvern zombie (D:7)
  Dowan (D:5)
  2 water moccasin skeletons
  8 killer bees
  2 howler monkeys
  4 wights (D:7)
  A bullfrog zombie (D:6)
  A centaur skeleton (D:7)
  A hound (D:7)
  2 jellies (D:6)
  3 gnoll shamans (D:7)
  2 iguanas
  7 orc priests
  3 bullfrog skeletons
  Jessica (D:2)
  Ijyb (D:5)
  5 orc wizards
  8 gnolls (D:7)
  An adder (D:5)
  A shadow imp (D:7)
  A white imp (D:7)
  2 ufetubi (D:5)
  A worm (D:5)
  A dart slug (D:1)
  26 orcs
  8 bats
  5 endoplasms
  3 giant cockroaches
  10 goblins
  6 hobgoblins
  6 jackals
  3 quokkas
  3 ball pythons
  3 frilled lizards
  17 kobolds
  7 rats
187 creatures vanquished.

Vanquished Creatures (others)
  37 fulminant prisms
37 creatures vanquished.

Grand Total: 224 creatures vanquished

Notes
Turn   | Place    | Note
-------+----------+-------------------------------------------
     0 | D:1      | miscthings the Djinni Conjurer began the quest for the Orb.
     0 | D:1      | Reached XP level 1. HP: 15/15 MP: 0/0
   230 | D:1      | Found a faded altar of an unknown god.
   329 | D:1      | Reached XP level 2. HP: 17/21 MP: 0/0
   687 | D:1      | Reached XP level 3. HP: 22/25 MP: 0/0
   687 | D:1      | Learned a level 1 spell: Shock
   890 | D:1      | Reached skill level 4 in Spellcasting
  1153 | D:1      | Found a sparkling altar of Nemelex Xobeh.
  1548 | D:2      | Reached XP level 4. HP: 28/31 MP: 0/0
  1617 | D:2      | Noticed Jessica
  1621 | D:2      | Killed Jessica
  1983 | D:3      | Found Icisim Qeept's Jewellery Shop.
  2226 | D:3      | Reached skill level 5 in Spellcasting
  2226 | D:3      | Reached XP level 5. HP: 18/35 MP: 0/0
  2226 | D:3      | Learned a level 2 spell: Blink
  2876 | D:4      | Reached XP level 6. HP: 24/40 MP: 0/0
  3110 | D:4      | Noticed an ogre
  3117 | D:4      | Killed an ogre
  3294 | D:4      | Found an opulent altar of Gozag.
  3418 | D:4      | Reached skill level 6 in Spellcasting
  3421 | D:4      | Reached XP level 7. HP: 23/45 MP: 0/0
  3421 | D:4      | Learned a level 2 spell: Slow
  3697 | D:4      | Noticed Grinder
  3703 | D:4      | Killed Grinder
  3704 | D:4      | Reached skill level 7 in Spellcasting
  3704 | D:4      | Reached XP level 8. HP: 19/50 MP: 0/0
  4089 | D:5      | Entered Level 5 of the Dungeon
  4089 | D:5      | Noticed Duvessa
  4090 | D:5      | Noticed Dowan
  4094 | D:5      | Killed Duvessa
  4095 | D:5      | Found a staircase to the Ecumenical Temple.
  4095 | D:5      | Noticed Menkaure
  4247 | D:5      | Killed Dowan
  4250 | D:5      | Killed Menkaure
  4251 | D:5      | Reached skill level 8 in Spellcasting
  4257 | D:5      | Noticed Eustachio
  4261 | D:5      | Killed Eustachio
  4275 | D:5      | Reached XP level 9. HP: 24/55 MP: 0/0
  4275 | D:5      | Learned a level 3 spell: Ignite Poison
  4291 | Temple   | Entered the Ecumenical Temple
  4366 | Temple   | Became a worshipper of Makhleb the Destroyer
  4401 | D:5      | Noticed Ijyb
  4407 | D:5      | Killed Ijyb
  4462 | D:5      | Found a basalt altar of Yredelemnul.
  4634 | D:5      | Noticed Blork the orc
  4645 | D:5      | Reached skill level 9 in Spellcasting
  4646 | D:5      | Killed Blork the orc
  4703 | D:6      | Found a bloodstained altar of Trog.
  5427 | D:6      | Reached skill level 10 in Spellcasting
  5480 | D:6      | Reached * piety under Makhleb
  5722 | D:7      | Noticed Joseph
  5980 | D:7      | Noticed Prince Ribbit
  6007 | D:7      | Killed Prince Ribbit
  6015 | D:7      | Noticed Joseph
  6015 | D:7      | Joseph changed into Joseph the rime drake
  6018 | D:7      | Noticed Joseph
  6018 | D:7      | Joseph the rime drake changed into Joseph the acid dragon
  6021 | D:7      | Killed Joseph the acid dragon
  6022 | D:7      | Reached XP level 10. HP: 25/60 MP: 0/0
  6252 | D:7      | Identified the +0 leather armour of Fallacy {rC+ Will++
                  | Stlth+}
  6260 | D:7      | Reached skill level 11 in Spellcasting
  6282 | D:7      | Reached ** piety under Makhleb
  6800 | D:7      | Found an iron altar of Okawaru.
  6816 | D:7      | Noticed a gargoyle
  6822 | D:7      | Killed a gargoyle
  6823 | D:7      | Reached skill level 1 in Fighting
  6823 | D:7      | Reached skill level 1 in Armour
  6823 | D:7      | Reached skill level 1 in Shields
  6823 | D:7      | Reached skill level 1 in Evocations
  7119 | D:8      | Noticed a two-headed ogre
  7123 | D:8      | Killed a two-headed ogre
  7471 | D:8      | Reached XP level 11. HP: 65/68 MP: 0/0
  7471 | D:8      | Learned a level 5 spell: Iskenderun's Battlesphere
  7664 | D:8      | Noticed Gastronok
  7678 | D:8      | HP: 3/69 [Gastronok/the air (20)]
  8006 | D:8      | Killed from afar by Gastronok

Illustrated notes

Levels and vault maps discovered:
D:1:      dpeg_arrival_water_altar, layout_loops_corners,
          dreamdust_ecumenical_altar_angels_and_demons, grunt_decor_cap,
          minmay_misc_feat_rows
D:2:      layout_loops_cross, uniq_jessica
D:3:      layout_basic, serial_shops, shop, nicolae_underground_beach
D:4:      layout_gridville, grunt_gozag_statues, uniq_grinder
D:5:      layout_rooms, yredelemnul_altar_generic, mainiacjoe_overflow_alcove_1,
          minmay_temple_entry_statues_fountains, uniq_duvessa, uniq_eustachio,
          uniq_ijyb, uniq_blork_the_orc, uniq_menkaure
D:6:      layout_loops_ring, mainiacjoe_overflow_surrounded_room,
          overflow_temple_1_default
D:7:      layout_rooms, mainiacjoe_overflow_24_doors, minmay_manual_mail,
          uniq_prince_ribbit1, uniq_joseph
D:8:      layout_basic, uniq_gastronok
Temple:   minmay_temple_curvy_loop

Skill      XL: |  1  2  3  4  5  6  7  8  9 10 |
---------------+-------------------------------+-----
Spellcasting   | 4 5 6 7 8 10 11 | 11.6
Fighting       | 2 |  2.3
Armour         | 2 |  2.4
Shields        | 2 |  2.3
Evocations     | 2 |  2.2
Dodging        | 3 |  3.5
Stealth        | |  1.5

Action                   |  1- 3 |  4- 6 |  7- 9 | 10-12 || total
-------------------------+-------+-------+-------+-------++-------
Melee: Unarmed           |     2 |       |       |       ||     2
 Cast: Magic Dart        |    24 |       |       |     8 ||    32
       Searing Ray       |    28 |    32 |    40 |    35 ||   135
       Fulminant Prism   |       |     2 |    17 |    18 ||    37
       Iskenderun's Myst |       |     3 |    17 |    12 ||    32
       Iskenderun's Batt |       |       |       |     2 ||     2
Evoke: Wand              |       |       |     5 |       ||     5
  Use: Scroll            |       |       |     2 |     1 ||     3
Armor: Robe              |     1 |     2 |     5 |     3 ||    11
       Leather armour    |       |       |       |     5 ||     5
Dodge: Dodged            |     4 |    19 |    21 |    19 ||    63
Block: Kite shield       |       |       |       |    17 ||    17
       Reflection        |       |       |       |     4 ||     4

Table legend: (Time is in decaauts)
 A = Elapsed time spent in this place.
 B = Non-inter-level travel time spent in this place.
 C = Inter-level travel time spent in this place.
 D = Time resting spent in this place.
 E = Time spent auto-exploring this place.
 F = Levels seen in this place.
 G = Mean time per level.
                   A        B        C        D        E       F      G
               +--------+--------+--------+--------+--------+-----+--------+
         Total |   8007 |   7752 |    255 |   2731 |   3822 |   9 |  889.7 |
       Dungeon |   7902 |   7676 |    226 |   2731 |   3765 |   8 |  987.8 |
        Temple |    104 |     76 |     28 |      0 |     57 |   1 |  104.0 |
               +--------+--------+--------+--------+--------+-----+--------+

Top non-repeatable levels by time:
     D:6: 1597 daAuts
     D:4: 1579 daAuts
     D:1: 1194 daAuts
     D:8: 909 daAuts
     D:7: 803 daAuts
     D:2: 786 daAuts
     D:3: 671 daAuts
     D:5: 360 daAuts
  Temple: 104 daAuts
